AoeStats
← villeguitas.mavg

Black Forest

504301669Analyzed
3v3 RM · 29d ago on Sep 4, 2026· 77m 33s· 6 players
Game mode
Random Map
Map size
Normal (6 player)
Population
200
Speed
Normal
Resources
Standard
Victory
Conquest
Starting age
Dark Age
Ending age
Imperial Age
RankedLock teamsTeams togetherTeam positionsShared explorationLock speedFull tech treeHidden civsTurbo modeCheats
Victory
Defeat
🇹🇷 Khmer · Türkiye
567
+15
🇹🇷 Inca · Türkiye
549
+16
🇹🇷 Britons · Türkiye
510
+16
🇧🇴 Aztecs · Bolivia
550
-16
🇧🇴 Bohemians · Bolivia
537
-16
🇧🇴 Celts · Bolivia
530
-15
villeguitas.mavg
4:35 Loom
13:38 Feudal Age
14:30 Double-Bit Axe
14:27 Horse Collar
16:57 Wheelbarrow
17:27 Forging
17:30 Gold Mining
20:45 Scale Mail Armor
26:03 Castle Age
25:45 Stone Mining
28:50 Bow Saw
28:45 Heavy Plow
29:56 Gold Shaft Mining
29:57 Stone Shaft Mining
30:34 Iron Casting
30:14 Chain Mail Armor
33:44 Chain Mail Armor
34:11 Hand Cart
38:24 Imperial Age
41:36 Blast Furnace
41:07 Plate Mail Armor
40:13 Elite Jaguar Warrior
47:06 Garland Wars
46:47 Atlatl
54:21 Fletching
54:31 Padded Archer Armor
blindsbolivia
20:16 Feudal Age
21:28 Double-Bit Axe
29:05 Castle Age
26:56 Horse Collar
35:32 Imperial Age
33:40 Bow Saw
37:10 Chemistry
40:14 Two-Man Saw
40:12 Padded Archer Armor
40:55 Wheelbarrow
43:44 Sappers
48:46 Hand Cart
48:20 Town Watch
48:02 Elite Hussite Wagon
51:28 Leather Archer Armor
55:16 Ballistics
68:28 Ring Archer Armor
68:27 Bombard Tower
67:54 Elite Skirmisher
70:53 Fletching
blindsestudio0
0:46 Loom
15:27 Feudal Age
17:57 Wheelbarrow
18:36 Town Watch
18:54 Gold Mining
19:11 Double-Bit Axe
19:30 Horse Collar
25:00 Arson
27:39 Castle Age
27:18 Forging
29:32 Hand Cart
29:56 Bow Saw
30:40 Stone Mining
31:25 Gold Shaft Mining
32:22 Stone Shaft Mining
33:19 Heavy Plow
40:19 Ballistics
40:15 Fortified Wall
41:13 Caravan
41:44 Coinage
45:50 Imperial Age
46:02 Heavy Scorpion
46:29 Elite Woad Raider
47:26 Furor Celtica
47:08 Stronghold
49:08 Scale Barding Armor
49:41 Iron Casting
48:57 Fletching
49:07 Padded Archer Armor
49:09 Scale Mail Armor
52:55 Chemistry
51:39 Treadmill Crane
53:05 Blast Furnace
52:22 Chain Mail Armor
52:26 Leather Archer Armor
54:09 Onager
56:00 Siege Onager
59:05 Pikeman
61:38 Plate Mail Armor
61:38 Ring Archer Armor
61:05 Bodkin Arrow
61:16 Scale Barding Armor
61:27 Halberdier
63:36 Gambesons
DAVAM
0:47 Loom
13:46 Feudal Age
14:11 Horse Collar
15:10 Wheelbarrow
14:26 Double-Bit Axe
14:40 Gold Mining
15:54 Stone Mining
23:23 Castle Age
23:55 Padded Archer Armor
23:46 Fletching
25:32 Hand Cart
25:31 Bow Saw
26:01 Gold Shaft Mining
25:39 Heavy Plow
28:18 Caravan
30:42 Masonry
31:12 Ballistics
31:36 Fortified Wall
32:07 Leather Archer Armor
31:47 Bodkin Arrow
38:45 Imperial Age
36:00 Town Watch
36:07 Town Watch
38:23 Yeomen
40:29 Chemistry
40:01 Architecture
40:19 Ring Archer Armor
39:50 Bracer
41:49 Two-Man Saw
41:43 Conscription
41:15 Elite Longbowman
43:33 Sanctity
43:10 Herbal Medicine
43:33 Town Patrol
44:48 Warwolf
47:40 Hoardings
63:27 Coinage
63:08 Guilds
74:56 Banking
75:05 Banking
RASB
0:31 Loom
15:03 Feudal Age
15:33 Horse Collar
15:40 Double-Bit Axe
21:15 Castle Age
23:31 Wheelbarrow
22:58 Heavy Plow
25:06 Hand Cart
28:22 Bow Saw
28:04 Gold Mining
28:07 Stone Mining
34:01 Imperial Age
33:15 Gold Shaft Mining
33:15 Stone Shaft Mining
35:12 Crop Rotation
37:35 Chemistry
36:55 Ballistics
36:45 Masonry
36:46 Fortified Wall
37:34 Double Crossbow
37:35 Tusk Swords
36:55 Elite Ballista Elephant
37:56 Conscription
39:19 Scale Barding Armor
39:15 Scale Mail Armor
39:26 Forging
39:07 Fletching
39:17 Padded Archer Armor
41:26 Caravan
43:11 Iron Casting
42:51 Chain Mail Armor
42:56 Chain Barding Armor
42:32 Bodkin Arrow
42:52 Leather Archer Armor
43:09 Architecture
43:17 Elite Battle Elephant
45:16 Blast Furnace
44:17 Bracer
44:48 Ring Archer Armor
44:44 Capped Ram
44:45 Light Cavalry
44:49 Cavalier
45:33 Husbandry
45:45 Bloodlines
45:35 Heavy Scorpion
45:36 Siege Ram
47:54 Plate Barding Armor
48:57 Siege Engineers
49:58 Hussar
51:10 Pikeman
51:37 Arson
51:14 Man-at-Arms
52:06 Long Swordsman
52:07 Halberdier
52:31 Heavy Cavalry Archer
53:42 Parthian Tactics
52:45 Elite Skirmisher
52:48 Two-Handed Swordsman
VegVaras
0:28 Loom
14:48 Feudal Age
15:24 Town Watch
16:15 Wheelbarrow
15:41 Double-Bit Axe
15:52 Stone Mining
16:47 Gold Mining
17:46 Horse Collar
24:47 Castle Age
26:01 Heavy Plow
26:15 Bow Saw
28:50 Gold Shaft Mining
30:22 Stone Shaft Mining
31:10 Hand Cart
34:27 Fortified Wall
34:13 Murder Holes
34:02 Treadmill Crane
35:39 Masonry
35:51 Ballistics
35:23 Heated Shot
35:51 Town Patrol
40:32 Imperial Age
39:43 Forging
39:33 Scale Mail Armor
41:28 Coinage
40:58 Caravan
41:27 Siege Engineers
41:14 Arrowslits
41:51 Onager
43:55 Elite Kamayuk
46:16 Chemistry
47:02 Conscription
47:32 Chain Mail Armor
47:53 Iron Casting
47:31 Guilds
47:52 Banking
47:45 Fabric Shields
48:21 Hoardings
50:02 Banking
49:41 Andean Sling
50:51 Capped Ram
52:22 Sappers
60:51 Siege Ram
62:57 Plate Mail Armor
63:28 Blast Furnace
Connection lost

Rejoining the realm…

Still unreachable

The connection could not be restored.

Session expired

The server has moved on; the page needs a fresh start.